[Event "EIWCC 2017"]
[Site "Riga"]
[Date "2017.04.19"]
[Round "8"]
[White "Berzina, Ilze"]
[Black "Hoolt, Sarah"]
[Result "1/2-1/2"]
[ECO "B40"]
[WhiteElo "2297"]
[BlackElo "2398"]
[Annotator "NA"]
[PlyCount "89"]
[EventDate "2017.??.??"]
[EventType "swiss"]
[EventCountry "LAT"]
[SourceTitle "playchess.com"]
[Source "ChessBase"]
[SourceQuality "1"]
[TimeControl "40/5400+30:1800+30"]

1. d4 Nf6 2. c4 e6 3. Nf3 Bb4+ 4. Bd2 c5 5. e3 O-O {[%emt 0:02:06] LiveBook: 51 Games} 6. Bd3 Nc6 {[%emt 0:07:06] E11: Bogo-Indian} (6... b6 7. O-O Bb7 8. Nc3 cxd4 9. exd4 d5 10. cxd5 Nxd5 11. Qc2 Nf6 12. Ne4 Bxd2 13. Nxf6+ Qxf6 14. Bxh7+ Kh8 15. Be4 Rc8 16. Qd3 Bxe4 17. Qxe4 Nc6 18. Nxd2 Qxd4 {0-1 (27) Cori Tello,D (2434)-Nakamura,H (2772) Tromsoe 2013}) 7. Nc3 d5 8. a3 cxd4 9. exd4 dxc4 10. Bxc4 Ba5 11. b4 Bb6 12. Be3 Ng4 $146 (12... Bd7 13. O-O Rc8 14. Qe2 Qc7 15. Nb5 Nxd4 16. Bxd4 Qxc4 17. Qxc4 Rxc4 18. Bxb6 Bxb5 19. Bxa7 {0-1 (52) Motola,J (1993)-Damia,A (2281) Milan 2012}) 13. Qd3 Ne7 14. Rd1 Nd5 15. O-O Ngxe3 16. fxe3 Nxc3 17. Qxc3 Bd7 18. Ne5 Ba4 19. Rd2 Rc8 20. Qd3 Qe7 21. Qe4 f5 22. Qd3 Kh8 23. Rdf2 Bc7 24. Nf3 Bc6 25. Qb3 Rce8 26. b5 Bd7 27. Qd3 Rf6 28. e4 Bc8 29. Kh1 fxe4 30. Qxe4 Rf4 31. Qe3 Ref8 32. a4 R4f6 33. Ne5 b6 34. Nc6 Qd6 35. g3 Rxf2 36. Rxf2 Rxf2 37. Qxf2 Bb7 38. Qf3 h6 39. Qe4 e5 40. Bd3 Kg8 41. dxe5 $14 Bxc6 42. exd6 Bxe4+ 43. Bxe4 Bxd6 44. Bd5+ Kf8 45. Kg2 1/2-1/2

[Event "EIWCC 2017"]
[Site "Riga"]
[Date "2017.04.19"]
[Round "8"]
[White "Galojan, Lilit"]
[Black "De Seroux, Camille"]
[Result "1-0"]
[ECO "E16"]
[WhiteElo "2290"]
[BlackElo "2122"]
[Annotator "ChessBase"]
[PlyCount "172"]
[EventDate "2017.??.??"]
[EventType "swiss"]
[EventCountry "LAT"]
[SourceTitle "playchess.com"]
[Source "ChessBase"]
[SourceQuality "1"]
[TimeControl "5400+30"]

1. d4 Nf6 2. c4 g6 3. Nc3 Bg7 4. e4 d6 5. h3 O-O 6. Be3 c5 7. d5 e6 8. Bd3 exd5 9. cxd5 a6 10. Nf3 Nbd7 11. Qd2 Re8 12. O-O b5 13. a3 c4 14. Bc2 Qc7 15. Bh6 Bh8 16. Ng5 Nc5 17. Qf4 Nh5 18. Qf3 f6 19. g4 fxg5 20. gxh5 Qf7 21. Qg2 gxh5 22. Bxg5 Qg7 23. Kh2 Qg6 24. Bf4 Be5 25. Bxe5 dxe5 26. Rg1 Kg7 27. Bd1 Kh6 28. f3 Qf6 29. Ne2 Bd7 30. Ng3 Rg8 31. Qd2+ Qf4 32. Qxf4+ exf4 33. Ne2 Rxg1 34. Nxg1 Rf8 35. Bc2 Kg5 36. Re1 Nb7 37. Re2 h6 38. Rg2+ Kf6 39. Ne2 Ke5 40. Rg7 Nc5 41. Rg6 Rh8 42. Rg7 Kf6 43. Rg1 Ke5 44. Rg6 Be8 45. Rg1 Bd7 46. Rg7 Kf6 47. Rg1 Ke5 48. Rb1 Rg8 49. b3 c3 50. b4 Na4 51. Bxa4 bxa4 52. h4 c2 53. Rc1 Rc8 54. Kg2 Bb5 55. Kf2 Rc7 56. Ke1 Bxe2 57. Kxe2 Rc3 58. Kd2 Rxf3 59. Kxc2 Rxa3 60. Re1 Rh3 61. Rd1 Kd6 62. e5+ Kd7 63. d6 Re3 64. Rd5 f3 65. Rc5 f2 66. Rc7+ Kd8 67. Rf7 Rxe5 68. Rxf2 Kd7 69. Kb2 a5 70. bxa5 Rxa5 71. Ka3 Rd5 72. Rf4 Ke6 73. Kxa4 Rxd6 74. Kb4 Rd5 75. Kc4 Rf5 76. Re4+ Kf6 77. Kd3 Rf3+ 78. Ke2 Rg3 79. Kf2 Rg4 80. Kf3 Kf5 81. Rxg4 hxg4+ 82. Kg3 h5 83. Kf2 Kf4 84. Kg2 g3 85. Kg1 Kg4 86. Kg2 Kxh4 1-0

[Event "EIWCC 2017"]
[Site "Riga"]
[Date "2017.04.19"]
[Round "8"]
[White "Unuk, Laura"]
[Black "Michna, Marta"]
[Result "1-0"]
[ECO "A40"]
[WhiteElo "2275"]
[BlackElo "2389"]
[Annotator "NA"]
[PlyCount "53"]
[EventDate "2017.??.??"]
[EventType "swiss"]
[EventCountry "LAT"]
[SourceTitle "playchess.com"]
[Source "ChessBase"]
[SourceQuality "1"]
[TimeControl "40/5400+30:1800+30"]

1. d4 e6 2. c4 b6 3. Nf3 Bb7 4. g3 f5 5. Bg2 Nf6 6. O-O g6 7. Nc3 Bg7 {[%emt 0:00:11] A84: Dutch Defence: 2 c4 Miscellaneous} 8. d5 {[%emt 0:00:30] LiveBook: 22 Games} (8. Bg5 O-O 9. Qd2 d6 10. d5 e5 11. e4 fxe4 12. Bxf6 Bxf6 13. Nxe4 {0-1 (37) Smirnov,A (2429)-Bortnyk,O (2552) Boeblingen 2015}) 8... Na6 9. Bf4 Nc5 (9... O-O $11) 10. Nb5 d6 (10... O-O $16) 11. dxe6 $2 $146 (11. b4 $18 Na6 (11... Nce4 12. Nfd4 exd5 13. f3 Qe7 14. fxe4 Nxe4 15. Ne6 {1-0 (15) Ausmins,E (2261)-Di Gianni,R (2120) Castellaneta 1999}) 12. dxe6) 11... Nfe4 12. Ng5 a6 13. Nf7 Qe7 14. Bxe4 ({Not} 14. Nxh8 axb5 15. f3 (15. cxb5 $2 Bxb2 16. Nf7 Nxe6 $19) 15... Nf6 $17) 14... Nxe4 {[%emt 0:00:41] [#]} 15. Nxc7+ $1 ({Inferior is} 15. Nxh8 axb5 16. Nf7 (16. cxb5 $2 Bxh8 17. Qc2 Nc5 $19) 16... Qxe6 $17) 15... Qxc7 16. f3 Qc5+ 17. e3 g5 18. fxe4 gxf4 19. Nxd6+ Kf8 20. Qh5 $18 Qc7 21. Rxf4 Kg8 22. Rxf5 Bc6 23. Raf1 Qe7 24. Rf7 Qxe6 25. Nf5 Bf8 26. Qg5+ Qg6 27. Rg7+ 1-0

[Event "EIWCC 2017"]
[Site "Riga"]
[Date "2017.04.19"]
[Round "8"]
[White "Golubenko, Valentina"]
[Black "Chan, Naruna"]
[Result "1-0"]
[ECO "A05"]
[WhiteElo "2271"]
[BlackElo "1981"]
[Annotator "ChessBase"]
[PlyCount "128"]
[EventDate "2017.??.??"]
[EventType "swiss"]
[EventCountry "LAT"]
[SourceTitle "playchess.com"]
[Source "ChessBase"]
[SourceQuality "1"]
[TimeControl "40/5400+30:1800+30"]

1. e4 e5 2. Nf3 Nc6 3. Bb5 a6 4. Ba4 Nf6 5. O-O Be7 6. d3 b5 7. Bb3 d6 8. c3 O-O 9. Re1 Na5 10. Bc2 c5 11. a4 Rb8 12. axb5 axb5 13. Nbd2 Qc7 14. Nf1 Bd7 15. Ne3 Rfe8 16. h3 Bf8 17. Nh2 Be6 18. Nhg4 Nxg4 19. hxg4 Nc6 20. Bb3 Qd7 21. Bd2 Ne7 22. Bxe6 Qxe6 23. c4 bxc4 24. Nxc4 Nc6 25. Bc3 d5 26. exd5 Qxd5 27. Ne3 Qd8 28. Nc4 Qd5 29. Ne3 Qd7 30. Nc4 Qc7 31. Ra6 Re6 32. Qa4 Rbe8 33. Ne3 Nd4 34. Ra7 Qd8 35. Nf5 Qf6 36. Ng3 Qg6 37. Qd1 Qg5 38. Ne4 Qg6 39. Ng3 Be7 40. Ne4 Bf8 41. Ra5 Rc6 42. Qa4 Rec8 43. Qd1 Ra6 44. Rxa6 Qxa6 45. Ng3 Qd6 46. Qa4 Qd5 47. Qa6 Rd8 48. Qb6 Rd6 49. Qb8 Nc6 50. Qa8 Rd8 51. Qb7 Rb8 52. Rxe5 Qxe5 53. Qxc6 Qe8 54. Qf3 Ra8 55. Ne4 Ra1+ 56. Kh2 Qe6 57. g5 Qg6 58. b4 Ra2 59. Nxc5 h6 60. Ne4 hxg5 61. g4 Bd6+ 62. Kg2 Bf4 63. Ng3 Bxg3 64. Kxg3 Ra3 1-0

[Event "EIWCC 2017"]
[Site "Riga"]
[Date "2017.04.19"]
[Round "8"]
[White "Zaksaite, Salomeja"]
[Black "Ovod, Evgenija"]
[Result "0-1"]
[ECO "C11"]
[WhiteElo "2262"]
[BlackElo "2382"]
[Annotator "NA"]
[PlyCount "76"]
[EventDate "2017.??.??"]
[EventType "swiss"]
[EventCountry "LAT"]
[SourceTitle "playchess.com"]
[Source "ChessBase"]
[SourceQuality "1"]
[TimeControl "40/5400+30:1800+30"]

1. e4 e6 2. d4 d5 3. Nc3 Nf6 4. e5 Nfd7 5. f4 c5 6. Nf3 Be7 7. Be2 Nc6 8. Be3 b6 {[%emt 0:00:08] C11: French: Classical System: 4 e5 and 4 Bg5 dxe4} 9. O-O O-O 10. Qe1 f5 {[%emt 0:00:17] LiveBook: 9 Games} 11. exf6 Nxf6 12. Bb5 Nb4 13. Rf2 $146 (13. Rc1 a6 14. Be2 Ng4 15. Bd2 Nc6 16. Nd1 Nf6 {½-½ (62) Brkic,A (2606)-Tratar,M (2477) Bol 2011}) 13... a6 14. Bd3 {[%emt 0:05:43] [#]} (14. Ba4 $142) 14... Ng4 $1 ({Much less strong is} 14... Nxd3 15. cxd3 Ng4 16. Rf1 $15) 15. Rd2 Nc6 16. Na4 Qc7 (16... cxd4 $17 17. Bxd4 Nxd4 18. Nxd4 Qd6) 17. dxc5 ({White should try} 17. c3 $1 $15) 17... bxc5 18. g3 {[%emt 0:08:37] [#]} e5 $1 ({Reject} 18... Nxe3 $6 19. Qxe3 Qa5 20. b3 $15) 19. Nxe5 $2 (19. Nc3 $17 {was the only chance.} Be6 20. h3 Nxe3 21. Qxe3) 19... Ncxe5 20. fxe5 Nxe5 21. Be2 $19 Qc6 ({Inferior is} 21... Bd7 22. Nc3 d4 23. Nd5 $11) 22. Bf4 Bf6 $2 (22... Bg5 $19 {has better winning chances.} 23. Bxg5 d4 24. Nxc5 Qxc5) 23. Nc3 Bb7 $15 24. Rxd5 Rae8 25. Qd2 Kh8 26. Rf1 Ng6 27. Bf3 Nxf4 28. gxf4 Bd4+ 29. Kh1 Qf6 30. Rg5 Qxg5 31. Bxb7 Bxc3 32. bxc3 Qf6 33. Bd5 g5 34. f5 Re5 35. Bg2 Rxf5 36. Rb1 Rf2 37. Qe3 Rxc2 38. Qxc5 Rxg2 0-1

[Event "EIWCC 2017"]
[Site "Riga"]
[Date "2017.04.19"]
[Round "8"]
[White "Calzetta Ruiz, Monica"]
[Black "Papp, Petra"]
[Result "0-1"]
[ECO "C77"]
[WhiteElo "2257"]
[BlackElo "2378"]
[Annotator "NA"]
[PlyCount "58"]
[EventDate "2017.??.??"]
[EventType "swiss"]
[EventCountry "LAT"]
[SourceTitle "playchess.com"]
[Source "ChessBase"]
[SourceQuality "1"]
[TimeControl "40/5400+30:1800+30"]

1. e4 e5 2. Nf3 Nc6 3. Bb5 a6 4. Ba4 Nf6 5. d3 d6 6. c4 Bg4 {[%emt 0:05:03] C77: Ruy Lopez: 3...a6 4 Ba4 Nf6, unusual lines} (6... g6 7. Nc3 Bg7 8. Nd5 Nd7 9. Bg5 f6 10. Be3 O-O 11. O-O Kh8 12. Re1 Rf7 13. h3 Nc5 14. Bxc5 dxc5 15. Bxc6 bxc6 {1-0 (74) Filippov,A (2582)-Buhmann,R (2640) Baku 2016}) 7. h3 Bxf3 8. Qxf3 {[%emt 0:00:06] LiveBook: 10 Games} Nd7 9. Be3 g6 10. Nc3 Bg7 11. O-O Nf8 $146 (11... Nd4 $11 12. Bxd4 (12. Bxd7+ Qxd7 13. Qg4 Ne6 14. Nd5 b5 15. Qh4 Qd8 16. Qxd8+ Kxd8 {½-½ (16) Pachman,L-Donner,J Venice 1950}) 12... exd4 13. Bxd7+ Qxd7) 12. Qd1 Ne6 $1 13. Qb3 O-O 14. Qxb7 Ncd4 15. Bxd4 exd4 16. Nd5 Nc5 17. Qc6 (17. Qxc7 $2 Nxa4 18. Qxd8 Rfxd8 $17) 17... Nxd3 18. Qxc7 Nxb2 19. Qxd8 Rfxd8 20. Bb3 a5 21. Rab1 d3 22. Nb6 a4 23. Nxa8 axb3 24. Nb6 bxa2 25. Ra1 d2 26. Rxa2 $19 d1=Q 27. Rxd1 Nxd1 28. Rd2 Nc3 29. f3 Bd4+ 0-1

[Event "EIWCC 2017"]
[Site "Riga"]
[Date "2017.04.19"]
[Round "8"]
[White "Ivanenko, Olga I"]
[Black "Kovanova, Baira"]
[Result "1/2-1/2"]
[ECO "A01"]
[WhiteElo "2252"]
[BlackElo "2376"]
[Annotator "ChessBase"]
[PlyCount "82"]
[EventDate "2017.??.??"]
[EventType "swiss"]
[EventCountry "LAT"]
[SourceTitle "playchess.com"]
[Source "ChessBase"]
[SourceQuality "1"]
[TimeControl "40/5400+30:1800+30"]

1. b3 e5 2. Bb2 Nc6 3. e3 Nf6 4. Bb5 d6 5. d4 exd4 6. Qxd4 Bd7 7. Bxc6 Bxc6 8. f3 d5 9. Nc3 Bd6 10. O-O-O Qe7 11. Re1 Bc5 12. Qd2 O-O-O 13. Nh3 Rhe8 14. Nd1 Qd6 15. Nhf2 Rd7 16. Nd3 Bb6 17. Bd4 Bb5 18. Bxb6 Qxb6 19. Qc3 Bxd3 20. Qxd3 Qa5 21. Nc3 Rde7 22. Kb1 Re6 23. Re2 Rd8 24. Rd1 Red6 25. Qf5+ Kb8 26. Kb2 Rc6 27. Rd3 Ra6 28. g4 Qa3+ 29. Kb1 Ra5 30. Red2 h6 31. h4 Rd6 32. Rd4 Rc6 33. Ra4 Rxa4 34. Nxa4 b5 35. g5 bxa4 36. gxf6 axb3 37. axb3 Ra6 38. Qe5 Qa2+ 39. Kc1 Qa3+ 40. Kb1 Qa2+ 41. Kc1 Qa3+ 1/2-1/2

[Event "EIWCC 2017"]
[Site "Riga"]
[Date "2017.04.19"]
[Round "8"]
[White "Komiagina, Maria"]
[Black "Khomeriki, Nino"]
[Result "0-1"]
[ECO "C77"]
[WhiteElo "2247"]
[BlackElo "2308"]
[Annotator "NA"]
[PlyCount "88"]
[EventDate "2017.??.??"]
[EventType "swiss"]
[EventCountry "LAT"]
[SourceTitle "playchess.com"]
[Source "ChessBase"]
[SourceQuality "1"]
[TimeControl "40/5400+30:1800+30"]

1. e4 e5 2. Nf3 Nc6 3. Bb5 a6 4. Ba4 Nf6 5. d3 d6 6. c3 Be7 7. O-O O-O 8. Re1 b5 9. Bc2 Re8 10. Nbd2 Bf8 {[%emt 0:00:06] LiveBook: 93 Games} 11. d4 Bb7 {[%emt 0:04:42] C91: Closed Ruy Lopez: 7...d6 8 c3 0-0 9 d4} 12. d5 (12. a3 Nb8 13. b3 Nbd7 14. Bb2 g6 15. a4 Bg7 16. Bd3 c6 {½-½ (56) Motylev,A (2649)-Dominguez Perez,L (2732) Berlin 2015}) 12... Nb8 13. c4 c6 14. b3 Nbd7 15. Bb2 Qb8 $146 (15... Qc7 16. Nf1 Rec8 17. Ne3 cxd5 18. cxd5 {½-½ (41) Klenburg,M (2407)-Zilberman,Y (2459) Ashdod 2004}) 16. Rb1 Qa7 17. h3 Rac8 18. Nf1 Nc5 19. Ng3 a5 20. Qd2 Qb6 21. Bc3 Ra8 22. Nf5 Bc8 23. g4 Bxf5 24. exf5 b4 25. Bb2 cxd5 26. cxd5 e4 (26... h6 $15) 27. Ng5 Be7 28. Nxe4 Nfxe4 29. Bxe4 Bh4 30. Bc2 h6 31. Rxe8+ Rxe8 32. Re1 Bxf2+ 33. Qxf2 Rxe1+ 34. Kh2 $19 Re8 35. Bd3 Qb7 36. Bc4 f6 37. Bd4 Nd7 38. Qg2 Ne5 39. Bf1 Qc7 40. Bb5 Rb8 41. Bf1 Qc1 42. Bxe5 fxe5 43. Bc4 Qf4+ 44. Qg3 Rc8 0-1

[Event "EIWCC 2017"]
[Site "Riga"]
[Date "2017.04.19"]
[Round "8"]
[White "Mammadova, Narmin"]
[Black "Savina, Anastasia"]
[Result "1/2-1/2"]
[ECO "B00"]
[WhiteElo "2240"]
[BlackElo "2378"]
[Annotator "ChessBase"]
[PlyCount "137"]
[EventDate "2017.??.??"]
[EventType "swiss"]
[EventCountry "LAT"]
[SourceTitle "playchess.com"]
[Source "ChessBase"]
[SourceQuality "1"]
[TimeControl "40/5400+30:1800+30"]

1. e4 e6 2. d4 d5 3. Nd2 c5 4. exd5 exd5 5. Ngf3 Nc6 6. Bb5 cxd4 7. Nxd4 Qe7+ 8. Kf1 Qc7 9. Qe2+ Be7 10. N2f3 Bd7 11. Bg5 Nxd4 12. Nxd4 Kf8 13. Bxe7+ Nxe7 14. Bxd7 Qxd7 15. Rd1 h5 16. h4 Nc6 17. Rh3 Rh6 18. Re3 Kg8 19. Kg1 Rd8 20. c3 a6 21. Nxc6 bxc6 22. Qxa6 Re6 23. Rxe6 Qxe6 24. a4 Re8 25. a5 Qg6 26. Ra1 Rb8 27. Qe2 c5 28. Qd2 Qc6 29. b4 g6 30. bxc5 Qxc5 31. a6 Ra8 32. Qd4 Qb5 33. a7 Qb2 34. Ra5 Kh7 35. g3 Qb7 36. Kh2 f6 37. Ra1 Kg7 38. Ra5 Kh7 39. Ra2 Kg7 40. Qc5 Kh7 41. Qe3 Kg7 42. Ra5 Kh7 43. Qd4 f5 44. Ra2 f4 45. gxf4 Qc7 46. Kg2 Qd7 47. f3 Qe7 48. Qxd5 Rxa7 49. Rxa7 Qxa7 50. f5 gxf5 51. Qxf5+ Kg7 52. Qe5+ Kg8 53. Qxh5 Qa3 54. Qg6+ Kh8 55. Qf6+ Kh7 56. h5 Qb2+ 57. Kg3 Qb8+ 58. Kg4 Qh2 59. Qf5+ Kh8 60. Qf4 Qb2 61. Kf5 Kh7 62. Qc7+ Kh6 63. Qc6+ Kh7 64. h6 Qc2+ 65. Qe4 Qg2 66. Kf6+ Kh8 67. Qe5 Kh7 68. Qc7+ Kxh6 69. Qf4+ 1/2-1/2